 Dungeon Crawl Stone Soup version 0.31.0-11-ge490571c62 (webtiles) character file.

Game seed: 2710272962357713494

2422 browni3141 the Cleaver (level 9, -1/79 HPs)
             Began as a Minotaur Fighter on Jan 28, 2024.
             Was a Priest of Okawaru.
             Slain by a gnoll sergeant
             ... wielding a +0 trident
              (8 damage)
             ... on level 7 of the Dungeon.
             The game lasted 00:02:54 (5054 turns).

browni3141 the Cleaver (Minotaur Fighter)           Turns: 5054, Time: 00:02:54

Health: -1/79      AC: 13    Str: 25    XL:     9   Next: 24%
Magic:  9/11       EV: 11    Int:  5    God:    Okawaru [***...]
Gold:   271        SH:  5    Dex: 10    Spells: 8/8 levels left

rFire   + + .        a - +0 war axe
rCold   x . .        c - +0 buckler
rNeg    . . .        C - +0 fire dragon scales
rPois   .            (helmet restricted)
rElec   .            l - +0 cloak
rCorr   .            (no gloves)
SInv    .            (no boots)
Will    .....        (no amulet)
Stlth   +            E - ring of flight
HPRegen 0.33/turn    (no ring)
MPRegen 0.12/turn

%: no passive effects
@: heroic, flying
A: horns 2, retaliatory headbutt
a: Renounce Religion, Heroism


You were on level 7 of the Dungeon.
You worshipped Okawaru.
Okawaru was most pleased with you.
You visited 2 branches of the dungeon, and saw 8 of its levels.

You collected 271 gold pieces.

Inventory:

Hand Weapons
 a - a +0 war axe (weapon)
Missiles
 m - 5 javelins (quivered)
 t - 5 boomerangs
 F - 2 throwing nets
Armour
 b - a +0 scale mail
 c - a +0 buckler (worn)
 l - a +0 cloak (worn)
 v - a +0 chain mail
 C - +0 fire dragon scales (worn)
Jewellery
 E - a ring of flight (left hand)
Wands
 y - a wand of roots (13)
 B - a wand of mindburst (36)
Scrolls
 f - a scroll of enchant weapon {unknown}
 g - 2 scrolls of revelation {unknown}
 i - 2 scrolls of summoning {unknown}
 k - a scroll of fog {unknown}
 n - 5 scrolls of identify {unknown}
 o - 2 scrolls of amnesia {unknown}
 p - 3 scrolls of immolation {unknown}
 r - 3 scrolls of poison {unknown}
 u - a scroll of blinking {unknown}
 w - a scroll of fear {unknown}
 x - 4 scrolls of teleportation {unknown}
 G - a scroll of vulnerability {unknown}
Potions
 d - 2 potions of might
 e - a potion of brilliance {unknown}
 h - a potion of lignification {unknown}
 j - 3 potions of curing {unknown}
 q - a potion of enlightenment {unknown}
 s - a potion of heal wounds {unknown}
 z - 3 potions of invisibility {unknown}
 A - a potion of experience {unknown}
 D - a potion of cancellation {unknown}


   Skills:
 + Level 7.6(12.6) Fighting
 * Level 9.7(14.7) Axes
 * Level 4.8(9.8) Throwing
 + Level 5.4(10.4) Armour
 - Level 3.6(8.6) Shields
 * Level 4.8 Invocations


You had 8 spell levels left.
You didn't know any spells.
Your spell library contained the following spells:

 Spells                   Type           Power      Damage    Failure   Level
 Kiss of Death            Conj/Necr      0%         2d5       82%         1
 Scorch                   Fire           0%         2d5       91%         2
 Sigil of Binding         Hex            0%         N/A       99%         3
 Vampiric Draining        Necr           0%         2d6       99%         3
 Volatile Blastmotes      Fire/Tloc      0%         2d10      99%         3
 Dimensional Bullseye     Hex/Tloc       0%         N/A       100%        4
 Flame Wave               Conj/Fire      0%         2d4       100%        4
 Fulminant Prism          Conj/Alch      0%         3d5       100%        4
 Iskenderun's Mystic Bla  Conj/Tloc      0%         2d3       100%        4
 Call Canine Familiar     Summ           Unusable   N/A       N/A         3
 Summon Cactus Giant      Summ           Unusable   N/A       N/A         6
 Haunt                    Necr/Summ      Unusable   N/A       N/A         7

Dungeon Overview and Level Annotations

Branches:
Dungeon (7/15)             Temple (1/1) D:5

Altars:
Dithmenos
Elyvilon
Fedhas
Gozag
Hepliaklqana
Kikubaaqudgha
Makhleb
Nemelex Xobeh
Okawaru
Qazlal
Sif Muna
Trog
Uskayaw
Vehumet
Wu Jian
Xom
Yredelemnul
Zin

Shops:
D:1 =   D:2 [   D:6 *

Portals:
Abyss: D:7

Annotations:
D:7 2 transporters, Jokingforfun's ghost, novice DsCK


Innate Abilities, Weirdness & Mutations

You have a pair of horns on your head.
You reflexively headbutt those who attack you in melee.


Message History

There are monsters nearby!
A gnoll comes into view. It is wielding a +0 club.
The gnoll shouts! x2
A wyvern comes into view.
A gnoll comes into view.
It is wielding a +0 spear and quivering a throwing net.
A gnoll sergeant comes into view. It is wielding a +0 trident.
The gnoll shouts!
A jelly comes into view.
The jelly quivers.
The gnoll hits you but does no damage.
You hit the gnoll.
The gnoll is moderately wounded.
You slash the gnoll! The gnoll hits you but does no damage.
You slash the gnoll!
You kill the gnoll!
Okawaru accepts your kill.
You hit the wyvern. You slash the jelly!
Your hands burn!
The wyvern bites you! The gnoll hits you but does no damage.
The jelly barely misses you.
You slice the jelly!!
You kill the jelly!
Okawaru accepts your kill.
You hit the wyvern. You barely miss the gnoll. You hit the gnoll.
The wyvern bites you. The gnoll barely misses you.
The gnoll hits you with a +1 flail of protection!
The gnoll hits you but does no damage.
The gnoll sergeant hits you but does no damage.
You slash the gnoll!
The gnoll is almost dead.
You hit the gnoll but do no damage. You hit the wyvern. You slash the gnoll!
You kill the gnoll!
Okawaru accepts your kill.
The wyvern bites you but does no damage.
The wyvern bites you! The gnoll hits you but does no damage.
The gnoll sergeant hits you from afar with a +0 trident.
The gnoll hits you with a +0 whip. The gnoll barely misses you.
You hit the gnoll but do no damage. Your headbutt misses the gnoll.
The gnoll is almost dead.
You hit the gnoll. You hit the wyvern but do no damage.
The wyvern barely misses you. You furiously retaliate!
You headbutt the wyvern, but do no damage.
The gnoll barely misses you.
The gnoll sergeant hits you but does no damage.
The gnoll barely misses you. You furiously retaliate!
You headbutt the gnoll. You block the gnoll's attack. The wyvern bites you!
You barely miss the gnoll.
The gnoll is almost dead.
You hit the wyvern. You barely miss the gnoll. The wyvern barely misses you.
The gnoll hits you but does no damage.
The gnoll sergeant hits you from afar with a +0 trident.
You block the gnoll's attack. The gnoll misses you.
You gain the combat prowess of a mighty hero.
The wyvern bites you! The gnoll hits you but does no damage.
The gnoll sergeant barely misses you. You block the gnoll's attack.
The gnoll closely misses you. You furiously retaliate!
You headbutt the gnoll!
You kill the gnoll!
Okawaru accepts your kill. The wyvern bites you! The gnoll closely misses you.
The gnoll hits you with a +0 whip.
The gnoll sergeant hits you with a +0 trident.
Things that are here:
a +0 club; a gnoll corpse You slash the gnoll!
You kill the gnoll!
Okawaru accepts your kill.
You closely miss the gnoll sergeant. You slash the gnoll!
You kill the gnoll!
Okawaru accepts your kill.
You slash the wyvern!
The wyvern bites you but does no damage.
The gnoll sergeant hits you but does no damage.
You completely miss the wyvern.
The wyvern is almost dead.
You hit the gnoll sergeant but do no damage.
The wyvern bites you.
The wyvern bites you but does no damage.
You are too injured to fight recklessly!
You are too injured to fight recklessly!
You are too injured to fight recklessly!
You hit the gnoll sergeant.
The gnoll sergeant is lightly wounded.
You hit the wyvern but do no damage.
The gnoll sergeant hits you but does no damage.
The wyvern bites you but does no damage.
You closely miss the wyvern. Your headbutt misses the wyvern.
The wyvern is almost dead.
You closely miss the gnoll sergeant. You block the wyvern's attack.
The gnoll sergeant barely misses you. You furiously retaliate!
You headbutt the gnoll sergeant. You closely miss the wyvern.
The wyvern is almost dead.
You barely miss the gnoll sergeant. The wyvern closely misses you.
You furiously retaliate!
You headbutt the wyvern.
You kill the wyvern!
Okawaru accepts your kill.
The gnoll sergeant hits you with a +0 trident.
You barely miss the gnoll sergeant.
Your headbutt misses the gnoll sergeant.
The gnoll sergeant is moderately wounded.
The gnoll sergeant hits you with a +0 trident!
You die...

#...##. ....# .#
...##.#..# #..##.#
####.##.# ..##.#..#
#..#..# #..##..x# ...#
#..##g###...###9# ....#
#...###.......####....#
#......)...............
#...........[.)........
##.............)g......
####.####.####@)......
#.# #.# #........ #.#
#.# #........ #.# #.#
#........ #.# #..
......... ... ###
.......). .#. .........
. . #.....####


You could see a toenail golem, a small abomination and a gnoll sergeant.

Vanquished Creatures
  2 wyverns
  A water moccasin (D:7)
  4 black bears
  2 ice beasts
  2 sky beasts
  An ogre (D:5)
  A centaur (D:7)
  A phantom (D:5)
  2 bullfrogs
  3 scorpions (D:5)
  3 hounds
  2 jellies
  5 bombardier beetles
  2 orc priests (D:6)
  2 iguanas
  2 orc wizards (D:6)
  8 gnolls
  7 adders
  3 white imps
  4 ufetubi
  4 ribbon worms
  2 dart slugs
  8 orcs
  2 endoplasms
  5 giant cockroaches
  10 hobgoblins
  3 kobolds
  2 quokkas
  8 ball pythons
  2 bats
  4 frilled lizards
  3 goblins (D:3)
  9 rats
119 creatures vanquished.

Notes
Turn   | Place    | Note
-------+----------+-------------------------------------------
     0 | D:1      | browni3141 the Minotaur Fighter began the quest for the
                  | Orb.
     0 | D:1      | Reached XP level 1. HP: 19/19 MP: 0/0
    44 | D:1      | Found Ymuceafo's Jewellery Shoppe.
    59 | D:1      | Got the Atlas of Malignant Liturgies
   218 | D:1      | Reached skill level 3 in Axes
   269 | D:1      | Reached XP level 2. HP: 27/27 MP: 1/1
   774 | D:2      | Found Voimopt's Armour Shop.
   779 | D:2      | Reached XP level 3. HP: 32/33 MP: 2/2
   938 | D:2      | Reached skill level 4 in Axes
  1335 | D:3      | Reached XP level 4. HP: 41/41 MP: 3/3
  1516 | D:3      | Reached skill level 5 in Axes
  1941 | D:4      | Reached skill level 5 in Fighting
  1941 | D:4      | Reached XP level 5. HP: 34/48 MP: 4/4
  2003 | D:4      | Noticed a black bear
  2010 | D:4      | Killed a black bear
  2011 | D:4      | Reached skill level 6 in Axes
  2045 | D:4      | Reached XP level 6. HP: 56/56 MP: 5/5
  2087 | D:4      | Found a hazy altar of Hepliaklqana.
  2087 | D:4      | Found a hide-covered altar of Uskayaw.
  2233 | D:4      | Found a glowing silver altar of Zin.
  2409 | D:5      | Entered Level 5 of the Dungeon
  2527 | D:5      | Found a staircase to the Ecumenical Temple.
  2550 | D:5      | Found a shadowy altar of Dithmenos.
  2565 | D:5      | Reached skill level 7 in Axes
  2645 | D:5      | Reached XP level 7. HP: 59/63 MP: 6/6
  2664 | Temple   | Entered the Ecumenical Temple
  2673 | Temple   | Became a worshipper of Warmaster Okawaru
  2755 | D:5      | Reached skill level 1 in Throwing
  2755 | D:5      | Reached skill level 1 in Invocations
  2850 | D:5      | Reached skill level 8 in Axes
  2950 | D:5      | Reached * piety under Okawaru
  3053 | D:5      | Reached XP level 8. HP: 61/71 MP: 8/8
  3182 | D:5      | Reached ** piety under Okawaru
  3500 | D:6      | Found Weuwad's Lightly-Used Armoury.
  3528 | D:6      | Found a sparkling altar of Nemelex Xobeh.
  3534 | D:6      | Found a basalt altar of Yredelemnul.
  3655 | D:6      | Reached skill level 9 in Axes
  4125 | D:6      | Found an ornate altar of the Wu Jian Council.
  4144 | D:6      | Found a white marble altar of Elyvilon.
  4144 | D:6      | Found a stormy altar of Qazlal.
  4204 | D:6      | Reached skill level 5 in Armour
  4742 | D:7      | Found a transporter.
  4863 | D:7      | Reached XP level 9. HP: 79/79 MP: 11/11
  4888 | D:7      | Reached *** piety under Okawaru
  4988 | D:7      | Found a one-way gate to the infinite horrors of the Abyss.
  4988 | D:7      | Noticed Jokingforfun's ghost (novice DsCK)
  4990 | D:7      | Noticed an ancient zyme
  5038 | D:7      | Found a transporter.
  5039 | D:7      | Noticed a toenail golem
  5054 | D:7      | Slain by a gnoll sergeant

Illustrated notes

Levels and vault maps discovered:
D:1:      erik_arrival_triangle_large, layout_loops_ring, serial_shops,
          nicolae_shop_temple_entry_statues_fountains, st_stairs_9
D:2:      layout_loops_ring, serial_shops, shop, hex_medium
D:3:      layout_loops_cross
D:4:      layout_cave_pools, zin_treasury, gammafunk_temple_overflow_wave
D:5:      layout_gridville, general_overflow_altar, temple_pool_b
D:6:      layout_basic, mainiacjoe_overflow_surrounded_room,
          grunt_temple_overflow_open, minmay_shop_damaged
D:7:      layout_loops_ring, gammafunk_ghost_abyssal_escape
Temple:   dpeg_three_leaves_temple

Skill      XL: |  1  2  3  4  5  6  7  8 |
---------------+-------------------------+-----
Axes           | 3 4 5 6 7 8 9 |  9.7
Fighting       | 4 5 6 7 |  7.6
Throwing       | 2 4 |  4.8
Invocations    | 2 4 |  4.8
Armour         | 4 5 |  5.4
Shields        | |  3.6

Action                     |  1- 3 |  4- 6 |  7- 9 || total
---------------------------+-------+-------+-------++-------
  Melee: War axe           |    84 |    81 |   125 ||   290
         Headbutt          |    15 |    15 |    19 ||    49
 Invoke: Heroism           |       |       |     1 ||     1
 Armour: Scale mail        |    75 |    44 |       ||   119
         Chain mail        |       |    17 |    80 ||    97
         Fire dragon scale |       |       |    66 ||    66
  Dodge: Dodged            |    46 |    41 |    66 ||   153
  Block: Buckler           |    27 |    25 |    26 ||    78
